 Dungeon Crawl Stone Soup version 0.30.1-3-gfc49f6343a (webtiles) character file.

Game seed: 304787555711838309

77673 safid the Gelid (level 15, -23/122 (126) HPs)
             Began as a Merfolk Ice Elementalist on July 26, 2023.
             Was a High Priest of Vehumet.
             Annihilated by a bunyip (36 damage)
             ... on level 1 of the Swamp on Aug 2, 2023.
             The game lasted 01:17:26 (29330 turns).

safid the Gelid (Merfolk Ice Elementalist)         Turns: 29330, Time: 01:17:27

HP:   -23/122 (126) AC: 11    Str:  4    XL:     15   Next: 57%
MP:   19/29         EV: 20    Int: 22    God:    Vehumet [*****.]
Gold: 33            SH:  6    Dex: 22    Spells: 3/34 levels left

rFire   + + .        I - +6 short sword of Propriety {holy, Dex+2}
rCold   + + .        J - +2 buckler {rC+}
rNeg    + . .        c - +0 robe of the Sky {*Slow rPois rCorr Dex+3}
rPois   +            G - +1 helmet {SInv}
rElec   .            N - +2 cloak {rC+}
rCorr   +            A - +0 pair of gloves
SInv    +            Q - +2 pair of boots of Benevolence {rN+ Will+ Str-5 Dex+3}
Will    ++...        q - amulet of magic regeneration
Stlth   ++           y - ring of protection from fire
HPRegen 0.40/turn    O - ring of protection from fire
MPRegen 0.61/turn

%: slow self (1%)
@: grasped by roots, constricted, studying 2 skills, lightly drained
A: (nimble swimmer 2), mertail
a: Renounce Religion


You were on level 1 of the Swamp.
You worshipped Vehumet.
Vehumet was extremely pleased with you.
You visited 5 branches of the dungeon, and saw 21 of its levels.
You also visited: Ossuary and Gauntlet.

You collected 2413 gold pieces.
You spent 2380 gold pieces at shops.

Inventory:

Hand Weapons
 I - the +6 short sword of Propriety (weapon) {holy, Dex+2}
   (You found it on level 5 of the Lair of Beasts)

   Dex:       It affects your dexterity (+2).
Armour
 c - the +0 robe of the Sky (worn) {*Slow rPois rCorr Dex+3}
   (You found it on level 6 of the Dungeon)

   Dex:       It affects your dexterity (+3).
   rPois:     It protects you from poison.
   rCorr:     It protects you from acid and corrosion.
   *Slow:     It may slow you when you take damage.
 A - a +0 pair of gloves (worn)
 D - the -2 hat of the Alchemist {rElec rPois rF+ rC+ rN+ Will+ rMut rCorr}
   (You found it on level 5 of the Lair of Beasts)

   rF:        It protects you from fire.
   rC:        It protects you from cold.
   rElec:     It insulates you from electricity.
   rPois:     It protects you from poison.
   rN:        It protects you from negative energy.
   rCorr:     It protects you from acid and corrosion.
   rMut:      It protects you from mutation.
   Will:      It increases your willpower.
 G - a +1 helmet of see invisible (worn)
 J - a +2 buckler of cold resistance (worn)
 N - a +2 cloak of cold resistance (worn)
 Q - the +2 pair of boots of Benevolence (worn) {rN+ Will+ Str-5 Dex+3}
   (You found it in a Gauntlet)

   Str:       It affects your strength (-5).
   Dex:       It affects your dexterity (+3).
   rN:        It protects you from negative energy.
   Will:      It increases your willpower.
Jewellery
 q - an amulet of magic regeneration (around neck)
 y - a ring of protection from fire (left hand)
 H - a ring of ice
 O - a ring of protection from fire (right hand)
Wands
 g - a wand of iceblast (12)
 v - a wand of mindburst (12)
 w - a wand of light (7)
 z - a wand of digging (7)
 K - a wand of flame (28)
Scrolls
 e - 3 scrolls of magic mapping
 h - 2 scrolls of summoning
 l - 9 scrolls of teleportation
 p - 6 scrolls of enchant weapon
 u - 5 scrolls of fog
 B - 3 scrolls of fear
 E - 2 scrolls of blinking
 F - 3 scrolls of silence
 P - 3 scrolls of identify
Potions
 b - 2 potions of magic
 d - 4 potions of berserk rage
 f - 5 potions of flight
 i - 5 potions of cancellation
 j - 6 potions of haste
 k - 6 potions of brilliance
 m - 2 potions of heal wounds
 o - 11 potions of curing
 r - 6 potions of lignification
 s - 12 potions of ambrosia
 t - 3 potions of might
 x - 4 potions of mutation
Miscellaneous
 n - a box of beasts
 L - a lightning rod (4/4)
 M - a condenser vane
 S - a phial of floods


   Skills:
 + Level 14.0 Fighting
 + Level 15.5 Dodging
 - Level 2.1 Stealth
 - Level 10.0 Spellcasting
 + Level 0.2 Conjurations
 - Level 6.0 Translocations
 + Level 7.0 Transmutations
 + Level 17.9 Ice Magic
 + Level 0.6 Evocations


You had 3 spell levels left.
You knew the following spells:

 Your Spells              Type           Power      Damage    Failure   Level
a - Irradiate             Conj/Tmut      13%        3d16      21%         5
b - Frozen Ramparts       Ice            100%       1d16      0%          3
c - Ozocubu's Armour      Ice            74%        N/A       1%          3
d - Hailstorm             Conj/Ice       50%        3d11      1%          3
e - Ozocubu's Refrigerat  Ice            37%        4d15      1%          7
f - Dragon Form           Tmut           20%        N/A       99%         7
g - Blink                 Tloc           74%        N/A       1%          2
h - Freeze                Ice            100%       1d10      0%          1

Your spell library contained the following spells:

 Spells                   Type           Power      Damage    Failure   Level
 Beastly Appendage        Tmut           82%        N/A       1%          1
 Ensorcelled Hibernation  Hex/Ice        100%       N/A       1%          2
 Wereblood                Tmut           41%        N/A       1%          2
 Magic Dart               Conj           48%        1d5       3%          1
 Passwall                 Tmut/Erth      21%        N/A       4%          2
 Spider Form              Tmut/Pois      26%        N/A       9%          3
 Mephitic Cloud           Conj/Pois/Air  11%        N/A       10%         3
 Inner Flame              Hex/Fire       11%        N/A       11%         3
 Necrotise                Necr           44%        1d6       12%         1
 Slow                     Hex            44%        N/A       12%         1
 Call Imp                 Summ           22%        N/A       19%         2
 Confusing Touch          Hex            11%        N/A       36%         3
 Swiftness                Air            11%        N/A       36%         3
 Tukima's Dance           Hex            11%        N/A       36%         3
 Vampiric Draining        Necr           11%        2d6       36%         3
 Summon Ice Beast         Ice/Summ       50%        N/A       3%          4
 Manifold Assault         Tloc           37%        N/A       11%         4
 Passage of Golubria      Tloc           37%        N/A       11%         4
 Blade Hands              Tmut           20%        N/A       19%         5
 Yara's Violent Unravell  Hex/Tmut       13%        3d7       21%         5
 Flame Wave               Conj/Fire      11%        2d6       28%         4
 Sticky Flame             Conj/Fire      11%        2d3       28%         4
 Simulacrum               Ice/Necr       25%        N/A       43%         6
 Anguish                  Hex/Necr       5%         N/A       77%         4
 Cause Fear               Hex            5%         N/A       77%         4
 Polar Vortex             Ice            37%        N/A       86%         9
 Agony                    Necr           11%        N/A       98%         5
 Enfeeble                 Hex            5%         N/A       100%        7
 Storm Form               Tmut/Air       13%        N/A       100%        7
 Dragon's Call            Summ           5%         N/A       100%        9


Dungeon Overview and Level Annotations

Branches:
Dungeon (12/15)            Temple (1/1) D:5            Lair (5/5) D:9
  Swamp (1/4) Lair:3        Snake (0/4) Lair:2        Slime (0/5) Lair:5
    Orc (2/2) D:12            Elf (0/3) Orc:2       Ossuary (visited)
Gauntlet (visited)

Altars:
Ashenzari
Dithmenos
Elyvilon
Fedhas
Gozag
Nemelex Xobeh
Okawaru
Uskayaw
Vehumet
Xom
Yredelemnul
Jiyva
Lugonu

Shops:
D:8 [?!=   Orc:1 *:   Orc:2 *:[(*

Portals:
Abyss: Lair:5
Trove: D:12 (give 12 potions of heal wounds)

Annotations:
D:2 Sigmund
D:4 1 transporter, Cheops's ghost, amateur TrFi
Lair:2 exclusion: hydra
Swamp:1 Jorgrun


Innate Abilities, Weirdness & Mutations

((You are very nimble when in or above water. (Stealth+, EV+, Speed+++)))
Your lower body shifts to a powerful aquatic tail in water.


Message History

Unknown command.
Unknown command.
Unknown command.
Unknown command.
Press: ? - help, v - describe, . - travel
Here: Jorgrun, wielding a staff of earth and wearing a +0 robe The floor.
Unknown command.
Unknown command.
Casting: Ozocubu's Refrigeration (dangerous; 1% risk of failure)
Confirm with . or Enter, or press ? or * to list all spells.
The heat is drained from your surroundings.
Jorgrun is heavily wounded.
The eleionoma is severely wounded.
The bunyip is moderately wounded.
The bog body resists.
The bog body is almost destroyed.
The bunyip misses you. The bunyip closely misses you. The bunyip claws you!!
Jorgrun casts a spell at you.
Roots burst forth from the earth!
The grasping roots grab you! The grasping roots constrict you!
Unknown command.
Unknown command.
Casting: Ozocubu's Refrigeration (dangerous; 1% risk of failure)
Confirm with . or Enter, or press ? or * to list all spells.
The heat is drained from your surroundings.
Jorgrun is severely wounded.
The eleionoma is almost dead.
The bunyip is heavily wounded.
The bog body resists.
You destroy the bog body!
Vehumet accepts your kill.
You feel your power returning. The grasping roots constrict you!!
The eleionoma hurls a spray of splinters at you.
The spray of wooden splinters hits you!!
* * * LOW HITPOINT WARNING * * *
Your Transmutations skill increases to level 7!
The bunyip barely misses you. The bunyip claws you!!!
You die...

≈≈≈♣♣♣.~......
≈ ≈♣.♣..~..)...
≈≈♣.....~..~~..
≈♣~...~.~g....~
..~..)~~.~..~§~
.~~~).......♣
~.~$≈...R...♣..
..≈≈≈≈.@x≈.~.~~
♣.≈≈≈≈≈.≈≈....♣
♣.≈≈≈≈≈≈≈≈≈≈~.~
♣.≈≈≈≈≈≈≈≈≈≈~~.
♣♣.≈≈≈≈≈≈≈≈.♣~.
♣..≈≈≈≈≈≈≈..~.
♣♣.≈≈≈≈≈≈.[...
♣♣......~....


You could see Jorgrun, a bunyip (strong) and an eleionoma.

Vanquished Creatures
  An orc warlord (Orc:1)
  A minotaur (Gauntlet)
  Snorg (Orc:1)
  Josephine (Orc:2)
  The ghost of Squincus the Destroyer, a journeyman DrCj of Lugonu (D:12)
  7 hydras
  A boulder beetle (Lair:4)
  A ghost crab (Lair:3)
  A centaur warrior (D:12)
  3 two-headed ogres
  A death scarab (Gauntlet)
  3 thrashing horrors (Lair:5)
  An orc high priest (Orc:2)
  Amaemon (Lair:1)
  A spriggan druid (Swamp:1)
  A spectral hydra (Lair:3)
  2 bog bodies
  A spectral boulder beetle (Lair:3)
  A deep elf pyromancer (D:12)
  7 orc sorcerers
  An ugly thing (Lair:5)
  35 elephants
  An elephant (shapeshifter) (Lair:5)
  4 black mambas
  An orange demon (Lair:1)
  11 cane toads
  2 smoke demons (Lair:5)
  2 gargoyles (D:12)
  4 torpor snails
  10 komodo dragons
  5 rime drakes
  An ice devil (Lair:1)
  2 anaconda simulacra (Lair:1)
  An ancient zyme (Lair:5)
  A queen bee (D:11)
  2 trolls
  A polar bear (Lair:1)
  A hornet (Lair:4)
  A raiju (shapeshifter) (Lair:5)
  20 blink frogs
  A spectral lindwurm (Lair:3)
  A spectral black mamba (Lair:3)
  3 dream sheep (Lair:3)
  A spectral dream sheep (Gauntlet)
  A spriggan (Lair:5)
  4 wyverns
  12 flying skulls (Gauntlet)
  5 slime creatures (D:12)
  4 wraiths
  2 ynoxinuls (Lair:5)
  40 yaks
  2 death yak simulacra (Lair:1)
  Grum (Lair:1)
  A steam dragon (D:7)
  6 basilisks
  9 vampire mosquitoes
  A chaos spawn (Lair:5)
  Menkaure (D:6)
  A spectral cane toad (Lair:3)
  A harpy simulacrum (Lair:1)
  2 wargs (Orc:1)
  3 nagas (Lair:2)
  10 small abominations (Lair:5)
  3 acid dragons
  A swamp worm (Swamp:1)
  17 water moccasins
  A spectral blink frog (Lair:3)
  An ice beast (D:8)
  19 orc warriors
  2 sky beasts (D:7)
  3 black bears
  7 ogres
  11 wolves
  7 centaurs
  2 kobold brigands (D:7)
  2 gnoll sergeants
  4 scorpions
  3 bullfrogs
  A two-headed ogre simulacrum (Lair:1)
  8 wights
  37 killer bees
  An electric eel (Lair:4)
  6 howler monkeys
  A lava snake (D:8)
  6 jellies
  6 hounds
  17 orc priests
  5 iguanas
  33 orc wizards
  A troll simulacrum (Lair:1)
  13 hell rats
  A polar bear simulacrum (Lair:1)
  A spriggan simulacrum (Lair:1)
  A wolf simulacrum (Lair:1)
  8 mummies (Ossuary)
  17 gnolls
  4 adders
  3 white imps
  2 worms
  4 dart slugs (D:1)
  60 orcs
  2 bats
  5 endoplasms
  4 giant cockroaches
  5 goblins
  8 hobgoblins
  4 jackals (D:3)
  4 quokkas
  6 ball pythons
  4 frilled lizards
  A gnoll zombie (Ossuary)
  4 hobgoblin zombies (Ossuary)
  20 kobolds
  3 kobold zombies (Ossuary)
  6 rats
650 creatures vanquished.

Notes
Turn   | Place    | Note
-------+----------+-------------------------------------------
     0 | D:1      | safid the Merfolk Ice Elementalist began the quest for the
                  | Orb.
     0 | D:1      | Reached XP level 1. HP: 13/13 MP: 3/3
   123 | D:1      | Reached XP level 2. HP: 5/20 MP: 1/5
   232 | D:1      | Reached skill level 1 in Fighting
   469 | D:1      | Reached XP level 3. HP: 22/26 MP: 0/6
   675 | D:2      | Noticed Sigmund
  1237 | D:2      | Found a white marble altar of Elyvilon.
  1249 | D:2      | Reached skill level 5 in Ice Magic
  1249 | D:2      | Reached XP level 4. HP: 28/33 MP: 4/8
  1253 | D:2      | Learned a level 3 spell: Frozen Ramparts
  1257 | D:2      | Learned a level 3 spell: Ozocubu's Armour
  1584 | D:3      | Found a faded altar of an unknown god.
  1778 | D:3      | Found a shimmering altar of Xom.
  1804 | D:3      | Found a broken altar of Ashenzari.
  1807 | D:3      | Found an iron altar of Okawaru.
  1807 | D:3      | Found a basalt altar of Yredelemnul.
  1814 | D:3      | Found a radiant altar of Vehumet.
  1820 | D:3      | Became a worshipper of Vehumet
  2360 | D:3      | Reached XP level 5. HP: 38/39 MP: 9/9
  2760 | D:4      | Noticed an ogre
  2767 | D:4      | Killed an ogre
  2768 | D:4      | Reached XP level 6. HP: 47/47 MP: 4/11
  3042 | D:4      | Reached skill level 6 in Ice Magic
  3126 | D:4      | Reached * piety under Vehumet
  3126 | D:4      | Offered knowledge of Magic Dart by Vehumet.
  3141 | D:4      | Found a transporter.
  3142 | D:4      | Noticed Cheops's ghost (amateur TrFi)
  3420 | D:4      | Reached XP level 7. HP: 54/54 MP: 6/13
  3626 | D:5      | Entered Level 5 of the Dungeon
  3813 | D:5      | Noticed a yak
  3813 | D:5      | Noticed a yak
  3813 | D:5      | Noticed a yak
  3813 | D:5      | Noticed a yak
  3836 | D:5      | Killed a yak
  3837 | D:5      | Killed a yak
  3838 | D:5      | Reached skill level 5 in Fighting
  3838 | D:5      | Reached skill level 7 in Ice Magic
  3838 | D:5      | Killed a yak
  3839 | D:5      | Reached skill level 5 in Spellcasting
  3839 | D:5      | Reached XP level 8. HP: 53/63 MP: 7/15
  3982 | D:5      | Killed a yak
  4058 | D:5      | Found a staircase to the Ecumenical Temple.
  4070 | Temple   | Entered the Ecumenical Temple
  4637 | D:6      | Reached skill level 8 in Ice Magic
  4661 | D:6      | Identified the +0 robe of the Sky {*Slow rPois rCorr Dex+3}
  5106 | D:6      | Noticed Menkaure
  5121 | D:6      | Killed Menkaure
  5394 | D:6      | Offered knowledge of Kiss of Death by Vehumet.
  5431 | D:6      | Reached XP level 9. HP: 20/71 MP: 11/18
  5630 | D:6      | Reached ** piety under Vehumet
  6009 | D:7      | Found a blossoming altar of Fedhas.
  6569 | D:7      | Reached skill level 9 in Ice Magic
  6916 | D:7      | Found a shadowy altar of Dithmenos.
  7030 | D:7      | Offered knowledge of Searing Ray by Vehumet.
  7129 | D:7      | Reached XP level 10. HP: 75/82 MP: 17/21
  7206 | D:7      | Reached *** piety under Vehumet
  7453 | D:7      | Reached skill level 10 in Ice Magic
  7763 | D:8      | Found Riulywyoll's Distillery.
  7774 | D:8      | Noticed a two-headed ogre
  7786 | D:8      | Killed a two-headed ogre
  7811 | D:8      | Found a sand-covered staircase.
  7820 | Ossuary  | Entered an ossuary
  8170 | Ossuary  | Offered knowledge of Dazzling Flash by Vehumet.
  8621 | D:8      | Bought a potion of degeneration for 14 gold pieces
  8629 | D:8      | Found Rabbed's Magic Scroll Shoppe.
  8799 | D:8      | Bought a scroll of identify for 24 gold pieces
  8799 | D:8      | Bought a scroll of identify for 24 gold pieces
  8799 | D:8      | Bought a scroll of identify for 24 gold pieces
  8799 | D:8      | Bought a scroll of teleportation for 36 gold pieces
  8799 | D:8      | Bought a scroll of teleportation for 36 gold pieces
  8876 | D:8      | Found a viscous altar of Jiyva.
  8920 | D:8      | Found Wajics's Jewellery Emporium.
  8992 | D:8      | Found Sibb's Armour Shoppe.
  9000 | D:8      | Bought a +2 cloak of preservation for 236 gold pieces
  9010 | D:8      | Bought a +0 helmet of see invisible for 126 gold pieces
  9104 | D:9      | Reached **** piety under Vehumet
  9447 | D:9      | Reached skill level 10 in Fighting
  9447 | D:9      | Reached skill level 11 in Ice Magic
  9683 | D:9      | Offered knowledge of Airstrike by Vehumet.
  9694 | D:9      | Noticed a two-headed ogre
  9703 | D:9      | Killed a two-headed ogre
  9704 | D:9      | Reached XP level 11. HP: 73/92 MP: 21/24
  9798 | D:9      | Found a staircase to the Lair.
  9982 | D:10     | Entered Level 10 of the Dungeon
 10707 | D:10     | Identified the +1 chain mail of the Forest {Harm Fly rPois
                  | Str-3}
 11165 | Lair:1   | Entered Level 1 of the Lair of Beasts
 11196 | Lair:1   | You fall into a shaft and drop 1 floor!
 11350 | Lair:2   | Noticed a six-headed hydra
 11360 | Lair:2   | Found a staircase to the Snake Pit.
 11481 | Lair:2   | Learned a level 3 spell: Hailstorm
 11551 | Lair:2   | Reached skill level 12 in Ice Magic
 11918 | Lair:2   | Reached ***** piety under Vehumet
 12239 | Lair:2   | Killed a six-headed hydra
 12430 | Lair:3   | Noticed a four-headed hydra
 12447 | Lair:3   | Killed a four-headed hydra
 12447 | Lair:3   | Offered knowledge of Sticky Flame by Vehumet.
 12448 | Lair:3   | Reached skill level 5 in Dodging
 12448 | Lair:3   | Reached skill level 10 in Spellcasting
 12517 | Lair:3   | Reached XP level 12. HP: 32/102 MP: 26/26
 12816 | Lair:3   | Reached skill level 13 in Ice Magic
 13026 | Lair:3   | Noticed an eight-headed hydra
 13038 | Lair:3   | Killed an eight-headed hydra
 13264 | Lair:3   | Noticed a six-headed hydra
 13280 | Lair:3   | Killed a six-headed hydra
 13430 | Lair:3   | Reached skill level 14 in Ice Magic
 13709 | Lair:3   | Reached skill level 10 in Dodging
 14396 | Lair:3   | Reached XP level 13. HP: 54/108 MP: 27/27
 15331 | Lair:4   | Reached skill level 15 in Ice Magic
 15430 | Lair:4   | Learned a level 2 spell: Blink
 15531 | Lair:4   | Reached skill level 1 in Translocations
 15655 | Lair:4   | Offered knowledge of Plasma Beam by Vehumet.
 16367 | Lair:4   | Identified the +0 leather armour of the Blessed Realm
                  | {rPois Str+5 Slay-5}
 16910 | Lair:4   | Reached skill level 16 in Ice Magic
 17091 | Lair:5   | Entered Level 5 of the Lair of Beasts
 17343 | Lair:5   | Reached skill level 5 in Translocations
 17657 | Lair:5   | Reached XP level 14. HP: 28/115 MP: 23/28
 18018 | Lair:5   | Found a viscous altar of Jiyva.
 18018 | Lair:5   | Found a staircase to the Slime Pits.
 18955 | Lair:5   | Offered knowledge of Conjure Ball Lightning by Vehumet.
 20200 | Lair:5   | Identified the +6 short sword of Propriety {holy, Dex+2}
 21075 | Lair:5   | Found a corrupted altar of Lugonu.
 21075 | Lair:5   | Found a one-way gate to the infinite horrors of the Abyss.
 21075 | Lair:5   | Found the -2 hat of the Alchemist {rElec rPois rF+ rC+ rN+
                  | Will+ rMut rCorr}
 21991 | Lair:3   | Found a staircase to the Swamp.
 22797 | Lair:1   | Reached skill level 17 in Ice Magic
 23588 | Lair:1   | Noticed Amaemon
 23607 | Lair:1   | Killed Amaemon
 23680 | Lair:1   | Learned a level 7 spell: Dragon Form
 23810 | Lair:1   | Noticed Grum
 23822 | Lair:1   | Killed Grum
 24064 | Lair:1   | Reached skill level 1 in Transmutations
 25445 | D:12     | Found a gate leading to a gauntlet.
 25450 | Gauntlet | Entered a Gauntlet
 25450 | Gauntlet | Found a transporter.
 25450 | Gauntlet | Found a transporter.
 25450 | Gauntlet | Found a transporter.
 25601 | Gauntlet | Found a transporter.
 25604 | Gauntlet | Found a transporter.
 25613 | Gauntlet | Found a transporter.
 25615 | Gauntlet | Found a transporter.
 25632 | Gauntlet | Found a transporter.
 25641 | Gauntlet | Found a transporter.
 25660 | Gauntlet | Found a transporter.
 25661 | Gauntlet | Found a transporter.
 25671 | Gauntlet | Found a transporter.
 25973 | Gauntlet | Reached XP level 15. HP: 56/125 MP: 29/29
 26216 | Gauntlet | Offered knowledge of Ozocubu's Refrigeration by Vehumet.
 26225 | Gauntlet | Learned a level 7 spell: Ozocubu's Refrigeration
 26238 | Gauntlet | Identified the +2 pair of boots of Benevolence {rN+ Will+
                  | Str-5 Dex+3}
 26268 | Gauntlet | Identified the +4 fire dragon scales "Finusofe" {rF++ rC-
                  | Int+4}
 26388 | Gauntlet | Identified the staff of air "Qeazywk" {rElec Str+4}
 26505 | D:12     | Noticed Squincus's ghost (journeyman DrCj)
 26508 | D:12     | Found a runed translucent door.
 26544 | D:12     | Killed Squincus's ghost
 26645 | D:12     | Identified the +8 chain mail of Hospitality {Int+6}
 26981 | D:12     | Found a staircase to the Orcish Mines.
 27077 | D:12     | Reached skill level 5 in Transmutations
 27607 | D:12     | Found a portal to a secret trove of treasure.
 27644 | Orc:1    | Entered Level 1 of the Orcish Mines
 27650 | Orc:1    | Reached skill level 15 in Dodging
 27667 | Orc:1    | Noticed an orc warlord
 27681 | Orc:1    | Killed an orc warlord
 27770 | Orc:1    | Noticed Snorg
 27780 | Orc:1    | Killed Snorg
 27904 | Orc:1    | Found Johefech's Assorted Antiques.
 27907 | Orc:1    | You fall into a shaft and drop 1 floor!
 27907 | Orc:2    | Entered Level 2 of the Orcish Mines
 27941 | Orc:2    | Found Fewk's Assorted Antiques.
 27941 | Orc:2    | Found Gishroor's Book Shop.
 27941 | Orc:2    | Found Cijoliat's Antique Armour Shop.
 27977 | Orc:2    | Found Ypuipnib's Weapon Boutique.
 28206 | Orc:2    | Found a staircase to the Elven Halls.
 28206 | Orc:2    | Noticed Josephine
 28232 | Orc:2    | Killed Josephine
 28470 | Orc:1    | Found Zaxtuin's Self-Improvement Boutique.
 28744 | Orc:2    | Found Yjenauxi's General Store.
 29052 | Orc:2    | Bought a book of Transfigurations for 400 gold pieces
 29052 | Orc:2    | Bought a book of Ice for 500 gold pieces
 29087 | Orc:1    | Bought a manual of Fighting for 960 gold pieces
 29093 | Orc:1    | Learned a level 5 spell: Irradiate
 29322 | Swamp:1  | Entered Level 1 of the Swamp
 29325 | Swamp:1  | Noticed Jorgrun
 29330 | Swamp:1  | Annihilated by a bunyip

Illustrated notes

Levels and vault maps discovered:
D:1:      dpeg_arrival_pits, layout_rooms, minmay_tripent
D:2:      layout_basic, basic_altar, grunt_ministairs_14, hex_large,
          uniq_sigmund
D:3:      layout_loops_ring, nicolae_overflow_hallway_of_the_gods,
          basic_ecumenical_altar
D:4:      layout_basic, gammafunk_ghost_smash, chequers_serial_rivers_room_b
D:5:      layout_basic, minmay_temple_entry_mist
D:6:      layout_gridville, uniq_menkaure
D:7:      layout_layer_cave, lemuel_round_altar, lemuel_tele_altar,
          grunt_potential
D:8:      layout_rooms, serial_shops, shop, nicolae_shop_statue_plus,
          nicolae_inconvenience_store, shop, nicolae_ossuary_entry_plus,
          jiyva_altar_1
D:9:      layout_roguey, lair_entry_dummy
D:10:     layout_long_grid
D:11:     layout_cave_pods, special_room [special_room_bee]
D:12:     layout_roguey, orc_david_3, hellmonk_ghost_happy_afterlife,
          nicolae_trove_entry_columns, gauntlet_entry_generic, serial_glass,
          glass_columns_a, glass_columns_c, glass_columns_b, glass_columns_a
Temple:   hellmonk_temple_of_storms
Lair:1:   dreamdust_isle_of_ice, layout_gridlike, lemuel_fruit_fields,
          lemuel_fruit_tree, uniq_amaemon, uniq_grum
Lair:2:   layout_cave_pods, nicolae_snake_entry_squirm
Lair:3:   layout_roguey, nicolae_swamp_entry_spooky, beast_lair_carwin_7
Lair:4:   cheibrodos_lair_overgrown_chateau, layout_long_grid,
          pdpol_lair_cavern_descent, grunt_megastairs_3
Lair:5:   hellmonk_lair_end_abyssal_woods, layout_loops_ring, slime_entry_1,
          chequers_serial_rivers_room_b, lemuel_old_faithful
Swamp:1:  layout_falls_marsh, infiniplex_staircase_pool, swamp_pool2,
          uniq_jorgrun
Orc:1:    layout_caves, serial_shops, shop, nicolae_shop_self_help, uniq_snorg
Orc:2:    st_orc_mages, layout_caves, serial_shops,
          nicolae_shop_just_a_little_nook, uniq_josephine

Skill      XL: |  1  2  3  4  5  6  7  8  9 10 11 12 13 14 15 |
---------------+----------------------------------------------+-----
Fighting       | 1 2 3 4 5 6 8 10 11 12 13 14 | 14.0
Ice Magic      | 5 6 7 8 9 11 12 14 16 17 | 17.9
Spellcasting   | 3 4 5 6 7 9 10 | 10.0
Dodging        | 5 10 12 14 15 | 15.5
Translocations | 5 6 |  6.0
Transmutations | 3 7 |  7.0
Stealth        | |  2.1
Conjurations   | |  0.2
Evocations     | |  0.6

Action                     |  1- 3 |  4- 6 |  7- 9 | 10-12 | 13-15 || total
---------------------------+-------+-------+-------+-------+-------++-------
  Melee: Unarmed           |    17 |       |       |       |       ||    17
         Dagger            |    58 |    38 |       |       |       ||    96
         Club              |     3 |       |       |       |       ||     3
         Punch             |     1 |       |       |       |       ||     1
         Flail             |       |    31 |    68 |       |       ||    99
         Spear             |       |       |    46 |   483 |   458 ||   987
         Tailslap          |       |       |       |       |     7 ||     7
         Short sword       |       |       |       |       |   430 ||   430
   Cast: Freeze            |    36 |    41 |    10 |    41 |   172 ||   300
         Frozen Ramparts   |       |    10 |    36 |    76 |   129 ||   251
         Ozocubu's Armour  |       |     6 |    22 |    62 |   114 ||   204
         Hailstorm         |       |       |       |       |    42 ||    42
         Ozocubu's Refrige |       |       |       |       |    37 ||    37
    Use: Scroll            |       |       |     4 |    17 |    12 ||    33
         Potion            |       |       |       |       |     7 ||     7
   Stab: Sleeping          |     1 |     2 |     2 |     1 |       ||     6
         Distracted        |       |       |       |       |     1 ||     1
 Armour: Robe              |    20 |    22 |    35 |   157 |   423 ||   657
  Dodge: Dodged            |    72 |    84 |    67 |   281 |  1258 ||  1762
  Block: Buckler           |       |       |    47 |   141 |   428 ||   616
